 Dungeon Crawl Stone Soup version 0.25.1-2-g60ff931df9 (webtiles) character file.

Game seed: 13780799483817609860

395 hawla the Stinger (level 6, -3/45 HPs)
             Began as a Draconian Venom Mage on Nov 13, 2020.
             Slain by a sky beast (6 damage)
             ... on level 4 of the Dungeon.
             The game lasted 00:13:21 (4722 turns).

hawla the Stinger (Draconian Venom Mage)            Turns: 4722, Time: 00:13:22

Health: -3/45      AC:  6    Str: 10    XL:     6   Next: 52%
Magic:  8/11       EV: 12    Int: 18    God:
Gold:   130        SH:  0    Dex: 11    Spells: 2/12 levels left

rFire    . . .     SeeInvis .   e - +1 dagger (flame)
rCold    . . .     Gourm    .   (no shield)
rNeg     . . .     Faith    .   (armour unavailable)
rPois    .         Spirit   .   (helmet restricted)
rElec    .         Reflect  .   (no cloak)
rCorr    .         Harm     .   (no gloves)
MR       .....                  (no boots)
Stlth    ++........             (no amulet)
HPRegen  0.15/turn              (no ring)
MPRegen  0.12/turn              (no ring)

@: no status effects
A: unfitting armour, cold-blooded, AC +6
a: no special abilities


You were on level 4 of the Dungeon.
You were very hungry.

You visited 1 branch of the dungeon, and saw 4 of its levels.

You collected 130 gold pieces.

Inventory:

Hand Weapons
 e - a +1 dagger of flaming (weapon)
Missiles
 c - 2 boomerangs (quivered)
 f - 20 poisoned darts
 h - a throwing net
Wands
 k - a wand of acid (8)
Scrolls
 d - 2 scrolls of identify
Potions
 a - a potion of heal wounds
 g - 3 potions of haste
 i - a potion of mutation {unknown}
Comestibles
 b - 6 rations


   Skills:
 - Level 1.7 Dodging
 - Level 1.7 Stealth
 - Level 3.7 Spellcasting
 + Level 3.0 Transmutations
 + Level 2.0 Fire Magic
 + Level 2.6 Air Magic
 + Level 4.3 Poison Magic


You had 2 spell levels left.
You knew the following spells:

 Your Spells              Type           Power        Failure   Level  Hunger
a - Sting                 Tmut/Pois      ###.         3%          1    None
b - Poisonous Vapours     Pois/Air       ###...       5%          2    ##.....
c - Olgreb's Toxic Radia  Pois           ###.....     26%         4    ####...
d - Ignite Poison         Fire/Tmut/Pois ##......     13%         3    ###....

Your spell library contained the following spells:

 Spells                   Type           Power        Failure   Level  Hunger
 Mephitic Cloud           Conj/Pois/Air  ##......     17%         3    ###....


Dungeon Overview and Level Annotations

Branches:
Dungeon (4/15)
 Temple: D:4-7

Altars:
Cheibriados
Makhleb
Uskayaw
Xom


Innate Abilities, Weirdness & Mutations

Your plain brown scales are hard. (AC +6)
You cannot fit into any form of body armour.
You are cold-blooded and may be slowed by cold attacks.


Message History

Something hits you but does no damage.
You miss something.
Your tail-slap misses something.
Something hits you.
* * * LOW HITPOINT WARNING * * *
Something shocks you.
* * * LOW HITPOINT WARNING * * *
Casting: Sting (safe; 3% risk of failure)
Confirm with . or Enter, or press ? or * to list all spells.
You can't see any susceptible monsters within range! (Use Z to cast anyway.) Unknown command.
Casting: Sting (safe; 3% risk of failure)
Confirm with . or Enter, or press ? or * to list all spells.
You don't know that spell.
Casting: Sting (safe; 3% risk of failure)
Confirm with . or Enter, or press ? or * to list all spells.
Aiming: Sting (safe; 3% risk of failure)
Press: ? - help, Shift-Dir - straight line The sting hits something.
Something hits you.
* * * LOW HITPOINT WARNING * * *
Something shocks you.
You die...

#_._# #...# #...# ##'#########
# ##.#........ ...
######...........
....###########...##...........
...............................
...).........{@...>#.#.........
....#'############.#.#...#...)<
. .. #.#.#...###### ...
########.#.........). ...
#..............###### ..
#.####...########### .
#.....รท...#...#
#..######.#.#.# #.......#.#...#


There were no monsters in sight!

Vanquished Creatures
  An ogre (D:4)
  A crimson imp (D:4)
  An orc priest (D:3)
  Terence (D:2)
  An orc wizard (D:3)
  Robin (D:2)
  4 gnolls (D:3)
  6 adders
  2 oozes
  2 worms
  2 dart slugs
  A leopard gecko (D:1)
  6 orcs
  A giant cockroach (D:2)
  15 goblins
  6 hobgoblins
  2 jackals (D:4)
  A ball python (D:1)
  5 bats
  5 frilled lizards
  9 kobolds
  A leopard gecko skeleton (D:4)
  11 rats
85 creatures vanquished.

Notes
Turn   | Place    | Note
-------+----------+-------------------------------------------
     0 | D:1      | hawla the Draconian Venom Mage began the quest for the Orb.
     0 | D:1      | Reached XP level 1. HP: 14/14 MP: 3/3
   381 | D:1      | Reached XP level 2. HP: 20/20 MP: 1/5
   385 | D:1      | Learned a level 2 spell: Poisonous Vapours
   988 | D:2      | Noticed Robin
  1355 | D:2      | Reached XP level 3. HP: 25/26 MP: 2/7
  1492 | D:2      | Killed Robin
  1785 | D:2      | Reached skill level 1 in Air Magic
  1816 | D:2      | Reached XP level 4. HP: 25/33 MP: 1/8
  2107 | D:2      | Learned a level 4 spell: Olgreb's Toxic Radiance
  2444 | D:2      | Noticed Terence
  2448 | D:2      | Killed Terence
  2448 | D:2      | Reached XP level 5. HP: 38/38 MP: 1/10
  2457 | D:2      | Learned a level 3 spell: Ignite Poison
  2724 | D:2      | Noticed a +0 hand axe
  2724 | D:2      | Noticed a +0 hand axe
  2726 | D:2      | Found a hide-covered altar of Uskayaw.
  3046 | D:3      | Found a snail-covered altar of Cheibriados.
  3712 | D:3      | Reached skill level 1 in Fire Magic
  3825 | D:3      | Reached skill level 4 in Poison Magic
  3849 | D:3      | Reached XP level 6. HP: 45/45 MP: 1/11
  4441 | D:4      | Found a burning altar of Makhleb.
  4441 | D:4      | Found a shimmering altar of Xom.
  4698 | D:4      | Noticed a sky beast
  4722 | D:4      | Slain by a sky beast

Illustrated notes

Levels and vault maps discovered:
D:1:      dpeg_arrival_solitude, layout_rooms, dk_noncrumbling_2
D:2:      layout_rooms, dancing_weapons_uskayaw,
          hangedman_decor_clover_reticule, minmay_pentomino_w4, uniq_terence,
          uniq_robin
D:3:      minmay_evil_eye, layout_loops_ring, kennysheep_slug_shrine,
          minmay_box_of_dots
D:4:      layout_basic, grunt_temple_overflow_champion_of_chaos,
          nemelex_xobeh_ov_fountains_minmay, gup_sewer_entry_glass,
          minmay_manual_monstrance, uniq_sigmund

Skill      XL: |  1  2  3  4  5  6 |
---------------+-------------------+-----
Spellcasting   | 3 |  3.7
Air Magic      | 1 2 |  2.6
Transmutations | 2 3 |  3.0
Fire Magic     | 1 2 |  2.0
Poison Magic   | 4 |  4.3
Dodging        | |  1.7
Stealth        | |  1.7

Action                   |  1- 3 |  4- 6 || total
-------------------------+-------+-------++-------
Melee: Unarmed           |    10 |       ||    10
       Dagger            |     1 |    47 ||    48
       Tailslap          |     1 |     2 ||     3
 Cast: Sting             |    34 |    39 ||    73
       Poisonous Vapours |    16 |    34 ||    50
       Olgreb's Toxic Ra |       |     6 ||     6
       Ignite Poison     |       |     3 ||     3
  Use: Scroll            |     7 |     4 ||    11
       Potion            |     1 |     3 ||     4
 Stab: Sleeping          |       |     1 ||     1
  Eat: Chunk             |     4 |     7 ||    11
       Ration            |       |     1 ||     1
Armor: Skin              |    26 |    30 ||    56
Dodge: Dodged            |    49 |    32 ||    81
